 Dungeon Crawl Stone Soup version 0.29-a0-542-g075992c915 (webtiles) character file.

Game seed: 8378969749661736947

9 BritishOli the Skirmisher (level 2, 0/24 HPs)
             Began as a Demonspawn Monk on June 4, 2022.
             Slain by a bat (1 damage)
             ... on level 1 of the Dungeon.
             The game lasted 00:00:31 (773 turns).

BritishOli the Skirmisher (Demonspawn Monk)          Turns: 773, Time: 00:00:31

Health: 0/24       AC:  2    Str: 11    XL:     2   Next: 3%
Magic:  2/2        EV: 13    Int: 11    God:
Gold:   20         SH:  0    Dex: 15    Spells: 1/1 levels left

rFire   . . .      SeeInvis .   a - +0 falchion
rCold   . . .      Faith    .   (no shield)
rNeg    . . .      Spirit   .   b - +0 robe
rPois   .          Reflect  .   (no helmet)
rElec   .          Harm     .   (no cloak)
rCorr   .          Rampage  .   (no gloves)
Will    .....                   (no boots)
Stlth   ++........              (no amulet)
HPRegen 0.08/turn               (no ring)
MPRegen 0.16/turn               (no ring)

@: no status effects
A: magic regeneration
a: no special abilities


You were on level 1 of the Dungeon.
You visited 1 branch of the dungeon, and saw 1 of its levels.

You collected 20 gold pieces.

Inventory:

Hand Weapons
 a - a +0 falchion (weapon)
Armour
 b - a +0 robe (worn)
Jewellery
 g - an amulet of regeneration
Scrolls
 e - a scroll of immolation {unknown}
 f - a scroll of identify {unknown}
Potions
 c - a potion of ambrosia
 d - 2 potions of mutation {unknown}


   Skills:
 + Level 3.1 Fighting
 + Level 2.8 Long Blades
 + Level 2.8 Dodging
 + Level 2.0 Stealth


You had one spell level left.
You didn't know any spells.
Your spell library was empty.

Dungeon Overview and Level Annotations

Branches:
Dungeon (1/15)

Altars:


Innate Abilities, Weirdness & Mutations

You regenerate magic rapidly.


Message History

There are monsters nearby!
The hobgoblin hits you.
A quokka comes into view.
There are monsters nearby!
You hit the hobgoblin but do no damage.
A bat comes into view.
The hobgoblin barely misses you.
You closely miss the hobgoblin. The hobgoblin closely misses you.
The hobgoblin completely misses you.
You barely miss the hobgoblin. The hobgoblin hits you.
The hobgoblin closely misses you.
You closely miss the hobgoblin. The hobgoblin barely misses you.
The hobgoblin closely misses you.
You closely miss the hobgoblin. The hobgoblin closely misses you.
The hobgoblin barely misses you.
You completely miss the hobgoblin. The hobgoblin hits you. x2
You are too injured to fight recklessly!
You are too injured to fight recklessly!
You are too injured to fight recklessly!
Found a stone staircase leading down.
The hobgoblin hits you.
* * * LOW HITPOINT WARNING * * *
The hobgoblin attacks as you move away! The hobgoblin barely misses you.
The hobgoblin attacks as you move away! The hobgoblin hits you.
* * * LOW HITPOINT WARNING * * *
The bat barely misses you. The bat attacks as you move away!
The bat barely misses you. The bat completely misses you.
The hobgoblin closely misses you.
You barely miss the hobgoblin. The bat barely misses you.
The hobgoblin closely misses you.
You hit the hobgoblin.
You kill the hobgoblin!
The bat hits you but does no damage.
You have reached level 2!
Your demonic ancestry asserts itself...
Your magic begins to regenerate rapidly.
The bat closely misses you. The quokka bites you.
* * * LOW HITPOINT WARNING * * *
The bat hits you.
You die...

#. #############.### #
................. ..
######.######..# #.#
######.######..## ####.#######
................. ...........
.#####.........#####.#.##.....
..............b@rg...........
####.....###..#####.......###
......#.....................
.♣.♣...............#..r#...##
........#.###..###.#...# ..#
.♣#♣#...#.# #..# #.#.#.# .#
........#.# #..# #...#.# .#
###. #.# #..# ##..#.# .#####
#.# #..# #..#.#


You could see a quokka, a hobgoblin and a bat.

Vanquished Creatures
  2 ball pythons (D:1)
  A goblin (D:1)
  A hobgoblin (D:1)
  2 quokkas (D:1)
  A kobold (D:1)
  A rat (D:1)
8 creatures vanquished.

Notes
Turn   | Place    | Note
-------+----------+-------------------------------------------
     0 | D:1      | BritishOli the Demonspawn Monk began the quest for the Orb.
     0 | D:1      | Reached XP level 1. HP: 18/18 MP: 1/1
   773 | D:1      | Gained mutation: You regenerate magic rapidly. [demonic
                  | ancestry]
   773 | D:1      | Reached XP level 2. HP: 2/24 MP: 2/2
   773 | D:1      | HP: 1/24 [quokka (1)]
   773 | D:1      | Slain by a bat

Illustrated notes

Levels and vault maps discovered:
D:1:      dpeg_arrival_rhombi, layout_basic,
          hellmonk_ecumenical_altar_leap_of_faith, serial_forest,
          infiniplex_forest_corner_1, infiniplex_forest_clump_small,
          infiniplex_forest_clump_double, infiniplex_forest_lined_2,
          due_unseen_surprise

Skill      XL: |  1 |
---------------+----+-----
Stealth        | 2 |  2.0
Fighting       | |  3.1
Long Blades    | |  2.8
Dodging        | |  2.8

Action                   || total
-------------------------++-------
Melee: Falchion          ||    31
 Stab: Sleeping          ||     1
Armor: Robe              ||     4
Dodge: Dodged            ||    32

Table legend: (Time is in decaauts)
 A = Elapsed time spent in this place.
 B = Non-inter-level travel time spent in this place.
 C = Inter-level travel time spent in this place.
 D = Time resting spent in this place.
 E = Time spent auto-exploring this place.
 F = Levels seen in this place.
 G = Mean time per level.
                   A        B        C        D        E       F      G
               +--------+--------+--------+--------+--------+-----+--------+
         Total |    778 |    778 |      0 |      0 |    701 |   1 |  778.0 |
       Dungeon |    778 |    778 |      0 |      0 |    701 |   1 |  778.0 |
               +--------+--------+--------+--------+--------+-----+--------+

Top non-repeatable levels by time:
     D:1: 778 daAuts
